 Dungeon Crawl Stone Soup version 0.29-a0-721-g7f417c9bbb (webtiles) character file.

Game seed: 6456399968126327888

10347 sammy202020 the Fighter (level 11, -1/104 HPs)
             Began as a Minotaur Fighter on June 27, 2022.
             Was a Believer of Trog.
             Slain by a tengu warrior
             ... wielding a +2 vampiric war axe
              (3 damage)
             ... while petrified by a basilisk
             ... on level 10 of the Dungeon.
             The game lasted 00:13:31 (11618 turns).

sammy202020 the Fighter (Minotaur Fighter)         Turns: 11618, Time: 00:13:31

Health: -1/104     AC: 22    Str: 26    XL:     11   Next: 35%
Magic:  10/10      EV:  2    Int:  9    God:    Trog [**....]
Gold:   743        SH:  0    Dex: 11    Spells: 10/10 levels left

rFire   + . .      SeeInvis .   a - +1 war axe
rCold   + + .      Faith    .   b - +0 kite shield
rNeg    + + +      Spirit   .   t - +0 gold dragon scales
rPois   ∞          Reflect  .   (helmet unavailable)
rElec   .          Harm     .   u - +1 cloak
rCorr   .          Rampage  +   J - +0 pair of gloves
Will    .....                   m - +0 pair of boots {rampage}
Stlth   ..........              (no amulet)
HPRegen 0.27/turn               n - +6 ring of strength
MPRegen 0.12/turn               (no ring)

@: petrified, on berserk cooldown, slowed
A: horns 3, retaliatory headbutt, cold resistance 1
a: Renounce Religion, Berserk, Trog's Hand


You were on level 10 of the Dungeon.
You worshipped Trog.
Trog was pleased with you.
You visited 2 branches of the dungeon, and saw 11 of its levels.

You collected 743 gold pieces.

Inventory:

Hand Weapons
 a - a +1 war axe (weapon)
 r - a +0 flail
Missiles
 y - 2 throwing nets
 z - 8 boomerangs (quivered)
Armour
 b - a +0 kite shield (worn)
 m - a +0 pair of boots of rampaging (worn)
 t - +0 gold dragon scales (worn)
 u - a +1 cloak (worn)
 G - a +0 hat of intelligence
 J - a +0 pair of gloves (worn)
Jewellery
 n - a +6 ring of strength (left hand)
Wands
 q - a wand of charming (9)
 s - a wand of iceblast (3)
 A - a wand of acid (23)
 C - a wand of flame (26)
Scrolls
 e - 4 scrolls of immolation
 f - 2 scrolls of vulnerability
 k - 2 scrolls of magic mapping
 l - 2 scrolls of teleportation
 o - a scroll of poison
 p - 3 scrolls of enchant weapon
 I - a scroll of fear
Potions
 c - a potion of lignification
 d - a potion of might
 g - a potion of brilliance
 h - 3 potions of degeneration
 i - 2 potions of curing
 j - a potion of magic {unknown}
 v - a potion of attraction {unknown}
 w - a potion of cancellation {unknown}
 x - 2 potions of haste {unknown}
 B - a potion of resistance {unknown}
 D - a potion of flight {unknown}
 E - a potion of ambrosia {unknown}
 F - a potion of heal wounds {unknown}
 H - a potion of berserk rage {unknown}


   Skills:
 * Level 12.1 Fighting
 * Level 11.8 Axes
 + Level 8.9 Armour
 + Level 7.3 Dodging
 + Level 8.9 Shields


You had 10 spell levels left.
You didn't know any spells.
Your spell library contained the following spells:

 Spells                   Type           Power      Damage    Failure   Level
 Apportation              Tloc           0%         N/A       100%        1
 Necrotize                Necr           0%         1d4       100%        1
 Summon Small Mammal      Summ           0%         N/A       100%        1
 Petrify                  Tmut/Erth      0%         N/A       100%        4
 Metabolic Englaciation   Hex/Ice        0%         N/A       100%        5
 Statue Form              Tmut/Erth      0%         N/A       100%        6


Dungeon Overview and Level Annotations

Branches:
Dungeon (10/15)            Temple (1/1) D:6            Lair (0/6) D:8
    Orc: D:9-12

Altars:
Ashenzari
Cheibriados
Dithmenos
Elyvilon
Fedhas
Gozag
Hepliaklqana
Kikubaaqudgha
Makhleb
Nemelex Xobeh
Okawaru
Qazlal
Ru
Sif Muna
Trog
Uskayaw
Vehumet
Wu Jian
Xom
Yredelemnul
Zin
The Shining One

Annotations:
D:10 2 runed translucent doors


Innate Abilities, Weirdness & Mutations

You have a pair of large horns on your head.
You reflexively headbutt those who attack you in melee.
Your flesh is cold resistant. (rC+)


Message History

You are slowing down.
The tengu warrior hits you with a +2 vampiric war axe.
The tengu warrior pecks you but does no damage.
The tengu warrior claws you but does no damage.
The basilisk bites you.
* * * LOW HITPOINT WARNING * * *
The skeletal warrior hits you with a +0 war axe.
* * * LOW HITPOINT WARNING * * *
Your limbs are stiffening.
You hit the basilisk.
The basilisk is moderately wounded.
You hit the tengu warrior.
You hit the skeletal warrior but do no damage.
The tengu warrior hits you but does no damage.
The tengu warrior pecks you but does no damage.
You block the tengu warrior's attack.
The skeletal warrior hits you with a +0 war axe!!
* * * LOW HITPOINT WARNING * * *
The basilisk bites you but does no damage.
The tengu warrior hits you but does no damage.
The tengu warrior pecks you but does no damage.
The tengu warrior claws you but does no damage.
The skeletal warrior hits you with a +0 war axe.
* * * LOW HITPOINT WARNING * * *
The basilisk gazes at you.
Your limbs have turned to stone.
You hear a shout!
You have turned to stone.
You hear a faint skittering sound.
The tengu warrior hits you with a +2 vampiric war axe!
* * * LOW HITPOINT WARNING * * *
The tengu warrior pecks you but does no damage.
The tengu warrior claws you but does no damage.
The skeletal warrior hits you but does no damage.
A deep elf pyromancer comes into view. It is wielding a +0 long sword.
A tengu warrior comes into view. It is wielding a +1 halberd.
The basilisk bites you.
* * * LOW HITPOINT WARNING * * *
The tengu warrior hits you with a +2 vampiric war axe!
You die...

..#......####..#..#...#
#..# ######...#
##.#.##.)##.+c)+ ##..#
#...#..)#..#Q.# #.##
#..##.#....### #.#
#..#..........# #####.#
.##....##.##.#
###.....# #.?#..##...
....##### ##..#....#..#
##### #.@........$#
#Qzl#.#.#..#.
#..yH.#.#..##
#......#...#
.e##..#.#.## #.[
#...#..# ### ##...##
Q..#


You could see a skeletal warrior, 2 tengu warriors, a manticore, a deep elf
pyromancer, a queen bee and a basilisk.

Vanquished Creatures
  Gastronok (D:8)
  2 two-headed ogres
  A kobold demonologist (D:10)
  5 unseen horror zombies (D:9)
  2 trolls
  2 hornets
  A shadow (D:9)
  Sigmund (D:3)
  A wyvern (D:9)
  2 yaks (D:8)
  A steam dragon (D:8)
  An acid dragon (D:10)
  4 water moccasins (D:8)
  7 orc warriors
  A black bear (D:5)
  An ogre (D:5)
  2 centaurs (D:6)
  2 phantoms
  2 kobold brigands
  5 bullfrogs
  A necrophage (D:4)
  6 scorpions
  12 wights
  4 killer bees (D:8)
  3 howler monkeys (D:7)
  4 jellies
  3 centaur zombies (D:9)
  Crazy Yiuf (D:7)
  2 gnoll shamans
  6 hounds
  7 orc priests
  Jessica (D:2)
  Natasha (thrice) (D:3)
  11 orc wizards
  2 iguanas
  3 howler monkey zombies (D:9)
  12 gnolls
  3 adders
  A shadow imp (D:5)
  A worm (D:3)
  2 dart slugs
  32 orcs
  10 ball pythons
  11 endoplasms
  4 giant cockroaches
  4 goblins
  9 hobgoblins
  2 jackals (D:3)
  3 quokkas
  5 bats
  3 frilled lizards
  10 kobolds
  3 rats (D:3)
  A spectral orc (D:3)
229 creatures vanquished.

Vanquished Creatures (others)
  An orc (D:8)
  53 fungi
  56 plants (D:8)
  2 withered plants (D:9)
112 creatures vanquished.

Grand Total: 341 creatures vanquished

Notes
Turn   | Place    | Note
-------+----------+-------------------------------------------
     0 | D:1      | sammy202020 the Minotaur Fighter began the quest for the
                  | Orb.
     0 | D:1      | Reached XP level 1. HP: 19/19 MP: 0/0
   135 | D:1      | Reached XP level 2. HP: 27/27 MP: 1/1
   217 | D:1      | Reached skill level 4 in Fighting
   937 | D:2      | Found a faded altar of an unknown god.
  1037 | D:2      | Reached XP level 3. HP: 31/33 MP: 2/2
  1177 | D:2      | Noticed Jessica
  1184 | D:2      | Killed Jessica
  1549 | D:2      | Reached skill level 1 in Dodging
  1549 | D:2      | Reached XP level 4. HP: 41/41 MP: 3/3
  2053 | D:3      | Noticed Natasha
  2059 | D:3      | Killed Natasha
  2265 | D:3      | Noticed Sigmund
  2321 | D:3      | Killed Sigmund
  2322 | D:3      | Reached skill level 5 in Fighting
  2322 | D:3      | Reached XP level 5. HP: 14/48 MP: 4/4
  2626 | D:3      | Reached XP level 6. HP: 53/56 MP: 5/5
  2712 | D:3      | Found a sacrificial altar of Ru.
  2949 | D:3      | Found a basalt altar of Yredelemnul.
  3013 | D:3      | Noticed Natasha
  3020 | D:3      | Killed Natasha
  3047 | D:3      | Noticed Natasha
  3058 | D:3      | Killed Natasha
  3244 | D:4      | Reached skill level 5 in Axes
  3376 | D:4      | Reached skill level 6 in Fighting
  3377 | D:4      | Reached XP level 7. HP: 56/63 MP: 6/6
  3597 | D:4      | Reached skill level 5 in Armour
  3597 | D:4      | Reached skill level 5 in Shields
  4031 | D:4      | Gained mutation: Your magical capacity is low. (-10% MP)
                  | [potion of mutation]
  4031 | D:4      | Gained mutation: Your mind is acute. (Int +4, Str/Dex -1)
                  | [potion of mutation]
  4031 | D:4      | Gained mutation: You have a pair of large horns on your
                  | head. [potion of mutation]
  4031 | D:4      | Gained mutation: You are strong-willed. (Will+) [potion of
                  | mutation]
  4032 | D:4      | Lost mutation: Your magical capacity is low. (-10% MP)
                  | [potion of mutation]
  4032 | D:4      | Lost mutation: You are strong-willed. (Will+) [potion of
                  | mutation]
  4032 | D:4      | Lost mutation: Your mind is acute. (Int +4, Str/Dex -1)
                  | [potion of mutation]
  4032 | D:4      | Gained mutation: You occasionally shout uncontrollably at
                  | your foes. [potion of mutation]
  4032 | D:4      | Gained mutation: You are robust. (+10% HP) [potion of
                  | mutation]
  4033 | D:4      | Lost mutation: You occasionally shout uncontrollably at
                  | your foes. [potion of mutation]
  4033 | D:4      | Lost mutation: You have a pair of large horns on your head.
                  | [potion of mutation]
  4033 | D:4      | Gained mutation: You have a pair of large horns on your
                  | head. [potion of mutation]
  4033 | D:4      | Gained mutation: Your flesh is cold resistant. (rC+)
                  | [potion of mutation]
  4033 | D:4      | Lost mutation: You are robust. (+10% HP) [potion of
                  | mutation]
  4073 | D:5      | Entered Level 5 of the Dungeon
  4158 | D:5      | Reached skill level 7 in Fighting
  4160 | D:5      | Reached XP level 8. HP: 27/73 MP: 7/7
  5287 | D:6      | Found a staircase to the Ecumenical Temple.
  5293 | D:6      | Reached skill level 8 in Fighting
  5300 | Temple   | Entered the Ecumenical Temple
  5418 | Temple   | Became a worshipper of Trog the Wrathful
  5886 | D:7      | Reached XP level 9. HP: 82/82 MP: 8/8
  6482 | D:7      | Noticed a cyclops
  6524 | D:7      | Reached skill level 9 in Fighting
  6643 | D:7      | Reached skill level 5 in Dodging
  6869 | D:7      | Found a runed translucent door.
  6870 | D:7      | Noticed Crazy Yiuf
  7218 | D:7      | Killed Crazy Yiuf
  7373 | D:8      | Found a snail-covered altar of Cheibriados.
  7804 | D:8      | Noticed Gastronok
  7826 | D:8      | Reached * piety under Trog
  7841 | D:8      | Killed Gastronok
  7842 | D:8      | Reached skill level 10 in Fighting
  7842 | D:8      | Reached XP level 10. HP: 50/93 MP: 9/9
  7884 | D:8      | Found a staircase to the Lair.
  8054 | D:8      | Reached skill level 10 in Axes
  8094 | D:8      | Found a broken altar of Ashenzari.
  8260 | D:8      | Noticed a two-headed ogre
  8269 | D:8      | Killed a two-headed ogre
  8972 | D:8      | Reached skill level 11 in Fighting
  9410 | D:9      | Reached ** piety under Trog
 10395 | D:9      | Reached XP level 11. HP: 58/102 MP: 10/10
 11088 | D:10     | Entered Level 10 of the Dungeon
 11259 | D:10     | Found an ornate altar of the Wu Jian Council.
 11421 | D:10     | Noticed a two-headed ogre
 11422 | D:10     | Reached skill level 12 in Fighting
 11429 | D:10     | Killed a two-headed ogre
 11598 | D:10     | Found a runed translucent door.
 11598 | D:10     | Found a runed translucent door.
 11598 | D:10     | Noticed a centaur warrior
 11598 | D:10     | Noticed a tengu warrior
 11600 | D:10     | Noticed a skeletal warrior
 11601 | D:10     | Noticed a tengu warrior
 11617 | D:10     | HP: 5/104 [tengu warrior/+2 vampiric war axe (6)]
 11617 | D:10     | Noticed a deep elf pyromancer
 11617 | D:10     | Noticed a tengu warrior
 11617 | D:10     | HP: 2/104 [basilisk (3)]
 11618 | D:10     | Slain by a tengu warrior

Illustrated notes

Levels and vault maps discovered:
D:1:      dpeg_arrival_arbitrary_a, layout_loops_ring, minmay_misc_feat_hallway,
          dreamdust_princess_corridor, st_stairs_14, minivault_27,
          amcnicky_mini_rare_corridor_liquid, chequers_serial_rivers_micro_a,
          chequers_serial_rivers_small_b
D:2:      layout_loops_corners, nicolae_ecumenical_pavilion, uniq_jessica
D:3:      layout_basic, mainiacjoe_overflow_small_starburst,
          yredelemnul_forgotten_temple_becter, serial_rivers,
          chequers_serial_rivers_large_a, chequers_serial_rivers_micro_e,
          chequers_serial_rivers_micro_a, chequers_serial_rivers_micro_b,
          chequers_serial_rivers_marsh, chequers_serial_rivers_micro_c,
          uniq_sigmund, uniq_natasha
D:4:      minmay_razor_zed, layout_basic, serial_aquarium,
          aquarium_bridge_square [aquarium_subvault_bridge,
          aquarium_subvault_window, aquarium_subvault_balcony,
          aquarium_subvault_wall], aquarium_bridge_square
          [aquarium_subvault_bridge, aquarium_subvault_bridge,
          aquarium_subvault_balcony, aquarium_subvault_window],
          aquarium_window_3, aquarium_window_2, aquarium_window_2,
          aquarium_view_2a, aquarium_view_2d, aquarium_pool_1,
          minmay_tree_intersection
D:5:      layout_rooms
D:6:      layout_cave_pools, minmay_temple_entry_sparse_star
D:7:      layout_loops_corners, st_stairs_1, lightli_corner_chamber,
          uniq_crazy_yiuf_cottage
D:8:      layout_basic, lemuel_tele_altar, mainiacjoe_overflow_six_doors_small,
          due_lair_maze_entry_diamond, uniq_gastronok
D:9:      layout_cave_pods, serial_undead, serial_undead_a, serial_undead_c,
          serial_undead_d, serial_undead_f, serial_undead_c, serial_undead_e
D:10:     minmay_the_grid_triangle_9x9_rhombus_thin_mashed
          [minmay_the_grid_triangle_9x9_limited_checkers,
          minmay_the_grid_triangle_9x9_prize_schism,
          minmay_the_grid_triangle_9x9_tough_junction,
          minmay_the_grid_triangle_9x9_swiss_cheese], layout_loops_cross,
          overflow_temple_1_default
Temple:   minmay_temple_bridge_d

Skill      XL: |  1  2  3  4  5  6  7  8  9 10 11 |
---------------+----------------------------------+-----
Fighting       | 4 5 6 7 8 10 11 12 | 12.1
Axes           | 3 4 5 6 7 9 11 | 11.8
Shields        | 4 5 6 7 8 |  8.9
Dodging        | 1 2 3 4 5 6 7 |  7.3
Armour         | 4 5 6 7 8 |  8.9

Action                   |  1- 3 |  4- 6 |  7- 9 | 10-12 || total
-------------------------+-------+-------+-------+-------++-------
Melee: War axe           |    68 |    82 |   249 |   196 ||   595
       Headbutt          |     5 |     6 |    43 |    39 ||    93
Invok: Berserk           |       |       |       |     1 ||     1
  Use: Scroll            |     2 |     6 |     6 |       ||    14
       Potion            |       |     1 |     5 |       ||     6
Armor: Scale mail        |    30 |    21 |       |       ||    51
       Chain mail        |       |    11 |     1 |       ||    12
       Gold dragon scale |       |       |   188 |   190 ||   378
Dodge: Dodged            |    29 |    37 |    55 |    61 ||   182
Block: Buckler           |    15 |    18 |    20 |       ||    53
       Kite shield       |       |       |   119 |   149 ||   268

Table legend: (Time is in decaauts)
 A = Elapsed time spent in this place.
 B = Non-inter-level travel time spent in this place.
 C = Inter-level travel time spent in this place.
 D = Time resting spent in this place.
 E = Time spent auto-exploring this place.
 F = Levels seen in this place.
 G = Mean time per level.
                   A        B        C        D        E       F      G
               +--------+--------+--------+--------+--------+-----+--------+
         Total |  11772 |  11502 |    270 |    651 |   9174 |  11 | 1070.2 |
       Dungeon |  11584 |  11411 |    173 |    651 |   9089 |  10 | 1158.4 |
        Temple |    187 |     90 |     97 |      0 |     85 |   1 |  187.0 |
               +--------+--------+--------+--------+--------+-----+--------+

Top non-repeatable levels by time:
     D:8: 2068 daAuts
     D:9: 1774 daAuts
     D:7: 1438 daAuts
     D:2: 1114 daAuts
     D:3: 1095 daAuts
     D:4: 988 daAuts
     D:1: 954 daAuts
     D:6: 853 daAuts
     D:5: 762 daAuts
    D:10: 534 daAuts
  Temple: 187 daAuts
